AoeStats
← celtinhaPP2214

Northern Isles

510510306Analyzed
1v1 RM · 1d ago on Oct 1, 2026· 50m 26s· 2 players
Game mode
Random Map
Map size
Tiny (2 player)
Population
200
Speed
Normal
Resources
Standard
Victory
Conquest
Starting age
Dark Age
Ending age
Imperial Age
RankedLock teamsTeams togetherTeam positionsShared explorationLock speedFull tech treeHidden civsTurbo modeCheats
Victory
Defeat
🇹🇷 Spanish · Türkiye
617
+8
🇵🇹 Portuguese · Portugal
422
-8
celtinhaPP2214
14:55 Feudal Age
16:20 Double-Bit Axe
16:20 Horse Collar
20:49 Castle Age
24:11 Bow Saw
30:24 Imperial Age
30:51 Ballistics
30:46 Medium Warships
33:40 Chemistry
34:49 Wheelbarrow
37:19 Two-Man Saw
36:42 Stone Mining
36:43 Gold Mining
40:19 Fletching
42:10 Arquebus
48:20 Bodkin Arrow
TARIXSS07
10:13 Feudal Age
9:41 Loom
11:38 Wheelbarrow
11:00 Double-Bit Axe
11:11 Fishing Lines
12:52 Horse Collar
13:59 Gold Mining
20:16 Castle Age
19:42 Stone Mining
19:51 Town Watch
20:33 Padded Archer Armor
20:23 Fletching
20:43 Forging
20:39 Scale Barding Armor
21:24 Hand Cart
22:14 Bow Saw
22:47 Heavy Plow
22:42 Gillnets
23:11 Medium Warships
26:37 Stone Shaft Mining
26:34 Town Patrol
26:41 Demolition Ship
27:52 Ballistics
27:39 Siphons
27:45 Clinker Construction
29:56 Careening
30:17 Masonry
30:40 Leather Archer Armor
30:21 Bodkin Arrow
31:01 Iron Casting
32:36 Redemption
32:28 Atonement
32:38 Fervor
34:19 Husbandry
34:30 Bloodlines
37:08 Imperial Age
35:11 Chain Barding Armor
34:41 Light Cavalry
35:13 Gambesons
36:02 Inquisition
36:41 Heresy
36:18 Herbal Medicine
36:27 Devotion
37:35 Cavalier
38:48 Heavy Warships
37:47 Heavy Demolition Ship
38:10 Elite Conquistador
40:41 Chemistry
39:27 Arrowslits
40:13 Architecture
40:04 Arson
41:44 Bombard Tower
43:22 Two-Man Saw
41:59 Elite Cannon Galleon
Connection lost

Rejoining the realm…

Still unreachable

The connection could not be restored.

Session expired

The server has moved on; the page needs a fresh start.